 Dungeon Crawl Stone Soup version 0.24.0-1-gfbc8707 (webtiles) character file.

Game seed: 15275152358118264526, levelgen mode: deterministic

16 Tardy the Caller (level 2, -5/15 HPs)
             Began as a Deep Elf Summoner on Oct 27, 2019.
             Slain by a gnoll shaman
             ... wielding a +0 club
              (7 damage)
             ... on level 2 of the Dungeon.
             The game lasted 00:04:26 (1854 turns).

Tardy the Caller (Deep Elf Summoner)                Turns: 1854, Time: 00:04:28

Health: -5/15      AC:  2    Str:  5    XL:     2   Next: 37%
Magic:  2/8        EV: 12    Int: 19    God:
Gold:   55         SH:  0    Dex: 15    Spells: 4/7 levels left

rFire    . . .     SeeInvis .   d - +0 dagger
rCold    . . .     Gourm    .   (no shield)
rNeg     . . .     Faith    .   a - +0 robe
rPois    .         Spirit   .   (no helmet)
rElec    .         Reflect  .   (no cloak)
rCorr    .         Harm     .   (no gloves)
MR       .....                  (no boots)
Stlth    ++........             (no amulet)
HPRegen  0.05/turn              (no ring)
MPRegen  0.11/turn              (no ring)

@: heavily drained
A: no striking features
a: no special abilities


You were on level 2 of the Dungeon.
You were not hungry.

You visited 1 branch of the dungeon, and saw 2 of its levels.

You collected 55 gold pieces.

Inventory:

Hand Weapons
 d - a +0 dagger (weapon)
Armour
 a - a +0 robe (worn)
Scrolls
 b - a scroll of immolation {unknown}
 h - a scroll of identify {unknown}
 j - a scroll of amnesia {unknown}
Potions
 e - a potion of invisibility {unknown}
 f - a potion of lignification {unknown}
 i - 2 potions of brilliance {unknown}
Comestibles
 c - 2 rations
 g - a chunk of flesh


   Skills:
 + Level 2.8(1.4) Dodging
 + Level 2.8(1.4) Stealth
 + Level 3.4(1.9) Spellcasting
 + Level 4.5(3.1) Summonings


You had 4 spell levels left.
You knew the following spells:

 Your Spells              Type           Power        Failure   Level  Hunger
a - Summon Small Mammal   Summ           ##..         4%          1    #......
b - Call Imp              Summ           ##......     7%          2    ###....

Your spell library contained the following spells:

 Spells                   Type           Power        Failure   Level  Hunger
 Call Canine Familiar     Summ           ##......     14%         3    ###....
 Summon Guardian Golem    Hex/Summ       #.......     26%         3    ###....
 Summon Ice Beast         Ice/Summ       #.......     65%         4    #####..
 Summon Lightning Spire   Summ/Air       #.......     65%         4    #####..


Dungeon Overview and Level Annotations

Branches:
Dungeon (2/15)

Altars:
Nemelex Xobeh


Message History

The gnoll shaman is heavily wounded.
Your bat barely misses the gnoll shaman.
The bat hits your crimson imp.
Your bat closely misses the gnoll shaman.
The bat completely misses your crimson imp.
Your bat hits the gnoll shaman but does no damage.
The bat closely misses your crimson imp.
The gnoll barely misses you. The gnoll shaman barely misses you.
Something hits your crimson imp!
Your crimson imp dies!
Your rat barely misses the gnoll shaman.
Your shadow imp hits the gnoll shaman but does no damage.
Your rat closely misses the gnoll shaman.
You hit the gnoll shaman but do no damage.
The gnoll shaman is heavily wounded.
Your bat hits the gnoll shaman but does no damage. x2
Your bat barely misses the gnoll shaman.
The gnoll misses you.
The gnoll shaman hits you with a +0 club!
You die...

### #..
#.#####
#br5..#
#@gr#.#
###g#


gb. .#... ...#.. .# # # g# You could see a gnoll shaman, a gnoll, a bat, a
friendly shadow imp, a friendly bat and 2 friendly rats.

Vanquished Creatures
  A dart slug (D:1)
  A ball python (D:1)
  A goblin (D:1)
  A rat (D:1)
4 creatures vanquished.

Vanquished Creatures (collateral kills)
  A dart slug (D:1)
  A leopard gecko (D:1)
  2 giant cockroaches (D:1)
  A hobgoblin (D:1)
  3 bats (D:1)
  2 kobolds (D:1)
  A leopard gecko skeleton (D:2)
11 creatures vanquished.

Grand Total: 15 creatures vanquished

Notes
Turn   | Place    | Note
-------+----------+-------------------------------------------
     0 | D:1      | Tardy the Deep Elf Summoner began the quest for the Orb.
     0 | D:1      | Reached XP level 1. HP: 10/10 MP: 6/6
    62 | D:1      | Found a sparkling altar of Nemelex Xobeh.
  1130 | D:1      | Reached XP level 2. HP: 14/15 MP: 8/8
  1137 | D:1      | Learned a level 2 spell: Call Imp
  1854 | D:2      | Slain by a gnoll shaman

Levels and vault maps discovered:
D:1:      dpeg_arrival_rooms_c, layout_loops_ring, nemelex_diamond_rough_becter
D:2:      layout_basic, uniq_robin, uniq_terence

Action                   || total
-------------------------++-------
Melee: Dagger            ||    64
       Unarmed           ||     4
 Cast: Summon Small Mamm ||    22
       Call Imp          ||     2
 Stab: Distracted        ||     1
  Eat: Chunk             ||     3
Armor: Robe              ||    18
Dodge: Dodged            ||    52
